 Dungeon Crawl Stone Soup version 0.31-a0-542-gdc2a67831c (webtiles) character file.

Game seed: 10586350783295021686

65 BroadwayShuffle the Insei (level 4, -1/34 HPs)
             Began as a Gnoll Shapeshifter on Aug 15, 2023.
             Slain by a kobold
             ... wielding a +1 short sword of holy wrath
              (5 damage)
             ... on level 3 of the Dungeon.
             The game lasted 00:17:20 (609 turns).

BroadwayShuffle the Insei (Gnoll Shapeshifter)       Turns: 609, Time: 00:17:21

Health: -1/34      AC:  2    Str: 14    XL:     4   Next: 13%
Magic:  5/5        EV: 13    Int:  8    God:
Gold:   41         SH:  0    Dex: 14    Spells: 5/5 levels left

rFire   . . .        i - +1 dagger (drain)
rCold   . . .        (no shield)
rNeg    . . .        o - +0 robe
rPois   .            (helmet currently unavailable)
rElec   .            (cloak currently unavailable)
rCorr   .            (gloves currently unavailable)
SInv    .            (boots currently unavailable)
Will    .....        (no amulet)
Stlth   +            (no ring)
HPRegen 0.25/turn    (no ring)
MPRegen 0.09/turn

%: no passive effects
@: confused, beast-form
A: beast (slay +4), fangs 1, strong nose, distributed training
a: Begin Untransformation


You were on level 3 of the Dungeon.
You were a hulking beast.
You visited 1 branch of the dungeon, and saw 3 of its levels.

You collected 41 gold pieces.

Inventory:

Hand Weapons
 i - a +1 dagger of draining (weapon)
Missiles
 h - 6 poisoned darts
Armour
 a - a +0 animal skin
 k - a +0 helmet
 o - a +0 robe (worn)
Talismans
 c - a beast talisman (active)
 d - a flux talisman
Wands
 n - a wand of flame (17)
Scrolls
 g - a scroll of poison
Potions
 b - a potion of lignification
 f - 2 potions of brilliance
 m - 2 potions of enlightenment


   Skills:
 + Level 2.7 Fighting
 + Level 1.0 Short Blades
 + Level 1.0 Long Blades
 + Level 1.0 Axes
 + Level 1.0 Maces & Flails
 + Level 1.0 Polearms
 + Level 1.0 Staves
 + Level 1.0 Ranged Weapons
 + Level 1.0 Throwing
 + Level 1.0 Armour
 + Level 4.6 Dodging
 + Level 1.0 Stealth
 + Level 1.0 Shields
 + Level 6.6 Unarmed Combat
 + Level 1.0 Spellcasting
 + Level 0.8 Conjurations
 + Level 0.8 Hexes
 + Level 0.8 Summonings
 + Level 0.8 Necromancy
 + Level 0.8 Translocations
 + Level 0.8 Transmutations
 + Level 0.8 Fire Magic
 + Level 0.8 Ice Magic
 + Level 0.8 Air Magic
 + Level 0.8 Earth Magic
 + Level 0.8 Poison Magic
 + Level 1.1 Invocations
 + Level 1.0 Evocations
 + Level 6.5 Shapeshifting


You had 5 spell levels left.
You didn't know any spells.
Your spell library was empty.

Dungeon Overview and Level Annotations

Branches:
Dungeon (3/15)

Altars:

Shops:
D:1 ([

Annotations:
D:3 Grinder


Innate Abilities, Weirdness & Mutations

You are a hulking beast.
Your limbs bulge with bestial killing power. (Slay +4)
You have very sharp teeth.
Your uncanny sense of smell can sniff out nearby items.
Your experience applies equally to all skills.


Message History

Grinder is heavily wounded.
The orc barely misses you. Grinder gestures at you.
You resist with significant effort. The orc barely misses you.
The kobold barely misses you.
You puncture Grinder!
Grinder is severely wounded.
The orc barely misses you. The kobold barely misses you.
The orc closely misses you. Grinder hits you.
You writhe in agony.
The kobold closely misses you.
You hit Grinder. You bite Grinder, but do no damage.
Grinder is almost dead.
The orc hits you from afar with a +0 trident.
The kobold barely misses you. Grinder barely misses you.
The orc barely misses you. The kobold closely misses you.
You hit Grinder but do no damage.
Grinder is almost dead.
The orc misses you.
The orc hits you from afar with a +0 trident.
Grinder hits you.
You writhe in agony.
* * * LOW HITPOINT WARNING * * *
The kobold hits you but does no damage. x2
You barely miss Grinder.
Grinder is almost dead.
The orc wizard casts a spell at you.
You are confused.
The orc hits you with a +0 falchion.
* * * LOW HITPOINT WARNING * * *
The kobold hits you with a +0 whip.
* * * LOW HITPOINT WARNING * * *
The orc completely misses you. Grinder hits you.
* * * LOW HITPOINT WARNING * * *
You writhe in agony.
* * * LOW HITPOINT WARNING * * *
The kobold barely misses you.
The orc wizard gestures wildly while chanting.
The orc wizard flickers and vanishes!
Deactivating autopickup; reactivate with Ctrl-A.
The kobold hits you with a +1 short sword of holy wrath.
You die...

.....#... ......######## ∆
#.#.#.. .....##......
....... ....##.###.#
#....########......... #..
#..#..#..............#
#...##.#..'......)........
#.......5##........#......
.....#.Ko##........#.#####
K.....o{Kh.........#.#
..#.###..##........#.# ..
.....####.######.#
.........# #.# #.# .
#...#... #.# ... ........
..# ........ ... .. ....
.... ∆


You could see Grinder, 2 orcs and 2 kobolds.

Vanquished Creatures
  Jessica (D:2)
  An adder (D:2)
  A dart slug (D:1)
  5 endoplasms
  2 hobgoblins (D:1)
  4 jackals (D:2)
  3 quokkas (D:1)
  A ball python (D:2)
  A bat (D:2)
  3 frilled lizards
  4 kobolds
26 creatures vanquished.

Notes
Turn   | Place    | Note
-------+----------+-------------------------------------------
     0 | D:1      | BroadwayShuffle the Gnoll Shapeshifter began the quest for
                  | the Orb.
     0 | D:1      | Reached XP level 1. HP: 17/17 MP: 1/1
    98 | D:1      | Found Pel Focu's Antique Armour Boutique.
   164 | D:1      | Reached XP level 2. HP: 23/23 MP: 2/2
   280 | D:1      | Found Ithrucu's Weapon Shoppe.
   345 | D:2      | Noticed Jessica
   349 | D:2      | Reached XP level 3. HP: 28/28 MP: 3/3
   361 | D:2      | Killed Jessica
   362 | D:2      | Reached skill level 1 in Short Blades
   362 | D:2      | Reached skill level 1 in Long Blades
   362 | D:2      | Reached skill level 1 in Axes
   362 | D:2      | Reached skill level 1 in Maces & Flails
   362 | D:2      | Reached skill level 1 in Polearms
   362 | D:2      | Reached skill level 1 in Staves
   362 | D:2      | Reached skill level 1 in Ranged Weapons
   362 | D:2      | Reached skill level 1 in Throwing
   362 | D:2      | Reached skill level 1 in Armour
   362 | D:2      | Reached skill level 1 in Stealth
   362 | D:2      | Reached skill level 1 in Shields
   362 | D:2      | Reached skill level 1 in Spellcasting
   362 | D:2      | Reached skill level 1 in Invocations
   362 | D:2      | Reached skill level 1 in Evocations
   450 | D:2      | Reached XP level 4. HP: 30/34 MP: 5/5
   595 | D:3      | Noticed Grinder
   597 | D:3      | Paralysed by Grinder for 5 turns
   609 | D:3      | Slain by a kobold

Illustrated notes

Levels and vault maps discovered:
D:1:      dpeg_arrival_brainrot, layout_rooms, serial_shops,
          nicolae_square_shop, shop, nicolae_shop_waterfront, nrook_mini_vaults
D:2:      layout_basic, uniq_jessica
D:3:      layout_basic, nicolae_elyvilon_temple_path, uniq_sigmund,
          uniq_crazy_yiuf_cottage, uniq_grinder

Skill      XL: |  1  2  3 |
---------------+----------+-----
Short Blades   | 1 |  1.0
Long Blades    | 1 |  1.0
Axes           | 1 |  1.0
Maces & Flails | 1 |  1.0
Polearms       | 1 |  1.0
Staves         | 1 |  1.0
Ranged Weapons | 1 |  1.0
Throwing       | 1 |  1.0
Armour         | 1 |  1.0
Stealth        | 1 |  1.0
Shields        | 1 |  1.0
Spellcasting   | 1 |  1.0
Invocations    | 1 |  1.1
Evocations     | 1 |  1.0
Fighting       | |  2.7
Dodging        | |  4.6
Unarmed Combat | |  6.6
Conjurations   | |  0.8
Hexes          | |  0.8
Summonings     | |  0.8
Necromancy     | |  0.8
Translocations | |  0.8
Transmutations | |  0.8
Fire Magic     | |  0.8
Ice Magic      | |  0.8
Air Magic      | |  0.8
Earth Magic    | |  0.8
Poison Magic   | |  0.8
Shapeshifting  | |  6.5

Action                     |  1- 3 |  4- 6 || total
---------------------------+-------+-------++-------
  Melee: Dagger            |    40 |    20 ||    60
         Bite              |     1 |     3 ||     4
    Use: Scroll            |     2 |     3 ||     5
 Armour: Animal skin       |     2 |       ||     2
         Robe              |     1 |     5 ||     6
  Dodge: Dodged            |    18 |    30 ||    48

Table legend: (Time is in decaauts)
 A = Elapsed time spent in this place.
 B = Non-inter-level travel time spent in this place.
 C = Inter-level travel time spent in this place.
 D = Time resting spent in this place.
 E = Time spent auto-exploring this place.
 F = Levels seen in this place.
 G = Mean time per level.
                   A        B        C        D        E       F      G
               +--------+--------+--------+--------+--------+-----+--------+
         Total |    606 |    323 |    283 |     45 |      0 |   3 |  202.0 |
       Dungeon |    606 |    323 |    283 |     45 |      0 |   3 |  202.0 |
               +--------+--------+--------+--------+--------+-----+--------+

Top non-repeatable levels by time:
     D:1: 302 daAuts
     D:2: 229 daAuts
     D:3: 74 daAuts
